 Dungeon Crawl Stone Soup version 0.26-b1-32-g5d43845318 (webtiles) character file.

Game seed: 13569555270307276891

9723 jmlagarto the Arsonist (level 11, -9/60 HPs)
             Began as a Gargoyle Fire Elementalist on Jan 11, 2021.
             Was an Elder of Nemelex Xobeh.
             Mangled by a boulder beetle (23 damage)
             ... on level 11 of the Dungeon.
             The game lasted 00:53:01 (13520 turns).

jmlagarto the Arsonist (GrFE)                      Turns: 13520, Time: 00:53:02

Health: -9/60      AC: 21    Str: 12    XL:     11   Next: 51%
Magic:  20/23      EV: 12    Int: 19    God:    Nemelex Xobeh [****..]
Gold:   514        SH:  0    Dex: 10    Spells: 25/26 levels left

rFire    . . .     SeeInvis .   u - +5 dagger (venom)
rCold    . . .     Faith    .   (no shield)
rNeg     + . .     Spirit   .   m - +5 ring mail
rPois    ∞         Reflect  .   l - +2 hat
rElec    +         Harm     .   o - scarf {+Inv}
rCorr    .         Rampage  .   (no gloves)
Will     +....                  (no boots)
Stlth    +++.......             h - amulet of the acrobat
HPRegen  0.20/turn              e - ring of stealth
MPRegen  0.18/turn              F - ring of willpower

@: no status effects
A: negative energy resistance 1, electricity resistance, unbreathing,
petrification resistance, miasma immunity, AC +8
a: Renounce Religion, Evoke Invisibility, Draw Escape, Draw Destruction, Draw
Summoning, Triple Draw, Deal Four


You were on level 11 of the Dungeon.
You worshipped Nemelex Xobeh.
Nemelex Xobeh was greatly pleased with you.
You visited 2 branches of the dungeon, and saw 12 of its levels.

You collected 514 gold pieces.

Inventory:

Hand Weapons
 k - a +3 hunting sling
 u - a +5 dagger of venom (weapon)
 v - a +0 shortbow
 y - a +2 hand axe of flaming
Missiles
 j - 15 boomerangs (quivered)
 p - 12 poisoned darts
 x - 114 arrows
 J - 58 bolts
 P - 5 silver boomerangs
Armour
 l - a +2 hat (worn)
 m - a +5 ring mail (worn)
 o - a scarf of invisibility (worn)
Magical Staves
 C - an uncursed staff of earth
Jewellery
 e - a ring of stealth (left hand)
 h - an amulet of the acrobat (around neck)
 t - an uncursed ring of flight
 F - a ring of willpower (right hand)
 K - an uncursed ring of poison resistance
 M - a +6 ring of intelligence {unknown}
Wands
 w - a wand of disintegration (21)
 A - a wand of acid (6)
 G - a wand of digging (5)
Scrolls
 d - a scroll of blinking {unknown}
 f - 9 scrolls of teleportation
 g - a scroll of brand weapon {unknown}
 n - 4 scrolls of remove curse {unknown}
 s - 5 scrolls of enchant weapon {unknown}
 D - a scroll of immolation {unknown}
 H - a scroll of fear {unknown}
 N - 2 scrolls of identify
Potions
 a - a potion of haste
 b - a potion of lignification
 c - 2 potions of flight
 i - 2 potions of cancellation {unknown}
 q - 4 potions of curing
 r - a potion of attraction {unknown}
 z - 2 potions of brilliance
 B - a potion of berserk rage {unknown}
 E - 3 potions of might {unknown}
 I - a potion of mutation {unknown}
 L - a potion of heal wounds
 O - 9 potions of degeneration


   Skills:
 + Level 3.7 Fighting
 + Level 2.6 Short Blades
 + Level 2.3 Bows
 + Level 1.4 Throwing
 + Level 6.6 Armour
 + Level 4.8 Dodging
 + Level 4.4 Stealth
 + Level 0.4 Unarmed Combat
 + Level 8.3 Spellcasting
 + Level 8.4 Conjurations
 + Level 8.8 Fire Magic


You had 25 spell levels left.
You knew the following spells:

 Your Spells              Type           Power        Failure   Level
a - Foxfire               Conj/Fire      100%         1%          1

Your spell library contained the following spells:

 Spells                   Type           Power        Failure   Level
 Magic Dart               Conj           100%         1%          1
 Searing Ray              Conj           78%          1%          2
 Conjure Flame            Conj/Fire      40%          1%          3
 Sticky Flame             Conj/Fire      40%          5%          4
 Inner Flame              Hex/Fire       24%          9%          3
 Dazzling Flash           Conj/Hex       46%          10%         3
 Fireball                 Conj/Fire      20%          14%         5
 Animate Skeleton         Necr           14%          19%         1
 Apportation              Tloc           14%          19%         1
 Beastly Appendage        Tmut           14%          19%         1
 Corona                   Hex            7%           19%         1
 Summon Small Mammal      Summ           28%          19%         1
 Wereblood                Tmut           7%           28%         2
 Fulminant Prism          Conj/Hex       11%          32%         4
 Iskenderun's Mystic Bla  Conj/Tloc      23%          32%         4
 Spider Form              Tmut/Pois      3%           50%         3
 Ice Form                 Ice/Tmut       7%           88%         4
 Blade Hands              Tmut           3%           99%         5


Dungeon Overview and Level Annotations

Branches:
Dungeon (11/15)            Temple (1/1) D:4            Lair (0/6) D:11
    Orc (0/2) D:10

Altars:
Ashenzari
Cheibriados
Dithmenos
Elyvilon
Fedhas
Gozag
Hepliaklqana
Kikubaaqudgha
Makhleb
Nemelex Xobeh
Okawaru
Qazlal
Ru
Sif Muna
Trog
Uskayaw
Vehumet
Wu Jian
Xom
Yredelemnul
Zin
The Shining One
Lugonu

Shops:
D:4 *


Innate Abilities, Weirdness & Mutations

You are resistant to torment.
Your stone body is resilient. (AC +8)
You are immune to poison.
You resist negative energy. (rN+)
You are resistant to electric shocks. (rElec)
You can survive without breathing.
You are immune to petrification.
You are immune to miasma.


Message History

The boulder beetle is severely wounded.
The foxfire hits the boulder beetle but does no damage.
The boulder beetle is severely wounded.
There is an open door here.
Casting: Foxfire (safe; 1% risk of failure)
Confirm with . or Enter, or press ? or * to list all spells.
You conjure some foxfire!
The boulder beetle hits you!
* * * LOW HITPOINT WARNING * * *
The boulder beetle stops rolling and uncurls.
The foxfire hits the boulder beetle but does no damage.
The boulder beetle is severely wounded.
The foxfire hits the boulder beetle but does no damage.
The boulder beetle is severely wounded.
You feel better.
The boulder beetle curls into a ball and begins rolling!
Casting: Foxfire (safe; 1% risk of failure)
Confirm with . or Enter, or press ? or * to list all spells.
You conjure some foxfire!
The boulder beetle hits you!!
You die...
Your body glows slightly and disappears.

#.#.....##.....###
.#####.#..............#
#.......##'#####.......#
#..............#.......#
+..:...........#.......#
#...........#..#.......#
#...........#..#.......#
#...........#..#.......#
#.......B@v.#..#.......#..
#......○..v....#.......#..
######'#########.......#..
#°.......######'###..
#.○......#...........
#.§B.....#...........
#...°....#..###......
#........#..# #..<...
#........#..# #......


You could see a boulder beetle (very poisoned).

Vanquished Creatures
  4 two-headed ogres
  2 unseen horrors (D:10)
  Psyche (D:9)
  A troll (D:10)
  A wraith (D:10)
  A wyvern (D:11)
  Grum (D:9)
  A soldier ant (D:5)
  Duvessa (D:4)
  A water moccasin (D:6)
  6 orc warriors
  A sky beast (D:10)
  A swamp drake (D:10)
  2 ice beasts (D:9)
  3 phantoms
  A necrophage (D:6)
  2 wolves (D:9)
  5 centaurs
  2 ogres
  3 big kobolds
  3 bullfrogs
  Dowan (D:3)
  5 scorpions
  6 killer bees (D:9)
  10 wights
  4 howler monkeys
  3 bullfrog zombies
  A centaur zombie (D:7)
  2 quasits
  5 orc priests
  4 hounds
  A gnoll shaman (D:8)
  A jelly (D:6)
  4 iguanas
  5 orc wizards
  9 worker ants
  A hound skeleton (D:10)
  2 worker ant zombies (D:9)
  4 gnolls (D:8)
  5 adders
  5 shadow imps
  An ufetubus (D:8)
  2 oozes
  An adder zombie (D:9)
  2 adder skeletons
  A worm (D:2)
  2 dart slugs
  11 leopard geckos
  29 orcs
  6 ball pythons
  4 bats
  4 giant cockroaches
  4 goblins
  8 hobgoblins
  4 jackals
  20 kobolds
  9 quokkas
  6 frilled lizards
  A jackal skeleton (D:6)
  2 leopard gecko skeletons
  3 quokka skeletons (D:4)
  A quokka zombie (D:6)
  5 rats
  4 butterflies (D:5)
251 creatures vanquished.

Vanquished Creatures (collateral kills)
  A black bear (D:8)
  3 wights (D:6)
  A ball python (D:6)
5 creatures vanquished.

Vanquished Creatures (others)
  1156 foxfires
1156 creatures vanquished.

Grand Total: 1412 creatures vanquished

Notes
Turn   | Place    | Note
-------+----------+-------------------------------------------
     0 | D:1      | jmlagarto the Gargoyle Fire Elementalist began the quest
                  | for the Orb.
     0 | D:1      | Reached XP level 1. HP: 10/10 MP: 3/3
   359 | D:1      | Reached XP level 2. HP: 15/15 MP: 1/5
   546 | D:1      | You fall into a shaft and drop 1 floor!
   550 | D:2      | Found a shadowy altar of Dithmenos.
  1176 | D:2      | Reached XP level 3. HP: 19/19 MP: 3/6
  2282 | D:3      | Found a hide-covered altar of Uskayaw.
  2415 | D:3      | Reached XP level 4. HP: 24/24 MP: 3/7
  2423 | D:3      | Found a sparkling altar of Nemelex Xobeh.
  2424 | D:3      | Found a white marble altar of Elyvilon.
  2426 | D:3      | Became a worshipper of Nemelex Xobeh the Trickster
  2461 | D:3      | Found a basalt altar of Yredelemnul.
  2724 | D:3      | Reached XP level 5. HP: 18/28 MP: 3/8
  3270 | D:3      | Found a shimmering altar of Xom.
  3271 | D:3      | Found a hazy altar of Hepliaklqana.
  3272 | D:3      | Noticed a spectral ugly thing
  3407 | D:4      | Noticed Duvessa
  3407 | D:4      | Noticed Dowan
  3602 | D:4      | Found a staircase to the Ecumenical Temple.
  3929 | D:4      | Reached XP level 6. HP: 32/32 MP: 0/10
  4086 | D:4      | Found Minol's Mayhem Merchandise.
  4093 | Temple   | Entered the Ecumenical Temple
  4248 | D:4      | Reached skill level 1 in Armour
  4543 | D:4      | Killed Duvessa
  4544 | D:4      | Reached skill level 1 in Bows
  4544 | D:4      | Reached XP level 7. HP: 24/37 MP: 1/12
  4602 | D:3      | Killed Dowan
  4805 | D:4      | Found an ancient bone altar of Kikubaaqudgha.
  4809 | D:4      | Found a shimmering blue altar of Sif Muna.
  4811 | D:4      | Found a radiant altar of Vehumet.
  4815 | D:4      | Identified Sif Muna's Volume of Hexes
  4939 | D:4      | Reached skill level 5 in Fire Magic
  5016 | D:4      | Found a blossoming altar of Fedhas.
  5064 | D:4      | Found a burning altar of Makhleb.
  5095 | D:5      | Entered Level 5 of the Dungeon
  5682 | D:5      | Reached * piety under Nemelex Xobeh
  5709 | D:5      | Reached skill level 1 in Fighting
  5735 | D:5      | Received a gift from Nemelex Xobeh
  5781 | D:5      | Found a runed translucent door.
  5782 | D:5      | Found a runed translucent door.
  5782 | D:5      | Noticed a soldier ant
  5850 | D:5      | Killed a soldier ant
  5851 | D:5      | Reached XP level 8. HP: 20/44 MP: 5/14
  6252 | D:6      | Found an iron altar of Okawaru.
  6261 | D:6      | Found an opulent altar of Gozag.
  6722 | D:6      | Reached skill level 1 in Short Blades
  6742 | D:6      | Reached skill level 5 in Spellcasting
  6742 | D:6      | Reached skill level 5 in Conjurations
  6771 | D:6      | Reached XP level 9. HP: 48/48 MP: 6/16
  7855 | D:7      | Reached ** piety under Nemelex Xobeh
  8150 | D:7      | Received a gift from Nemelex Xobeh
  8342 | D:7      | Found a sacrificial altar of Ru.
  9187 | D:7      | Reached skill level 1 in Throwing
  9296 | D:8      | Reached *** piety under Nemelex Xobeh
  9305 | D:8      | Received a gift from Nemelex Xobeh
  9469 | D:8      | Noticed a two-headed ogre
  9471 | D:8      | Killed a two-headed ogre
  9472 | D:8      | Reached skill level 5 in Armour
  9472 | D:8      | Reached XP level 10. HP: 54/54 MP: 15/19
  9568 | D:8      | Received a gift from Nemelex Xobeh
  9962 | D:8      | Reached **** piety under Nemelex Xobeh
 10029 | D:8      | Found a stormy altar of Qazlal.
 10261 | D:8      | Received a gift from Nemelex Xobeh
 10533 | D:9      | Noticed a two-headed ogre
 10541 | D:9      | Killed a two-headed ogre
 10572 | D:9      | Noticed Grum
 10604 | D:9      | Killed Grum
 11029 | D:9      | Noticed Psyche
 11037 | D:9      | Killed Psyche
 11233 | D:9      | Noticed a two-headed ogre
 11246 | D:9      | Killed a two-headed ogre
 11247 | D:9      | Reached XP level 11. HP: 55/60 MP: 14/22
 11559 | D:10     | Entered Level 10 of the Dungeon
 11819 | D:10     | Killed an unseen horror
 12106 | D:10     | Killed an unseen horror
 12682 | D:10     | Noticed a two-headed ogre
 12715 | D:10     | Killed a two-headed ogre
 13266 | D:10     | Found a staircase to the Orcish Mines.
 13359 | D:11     | Received a gift from Nemelex Xobeh
 13501 | D:11     | Found a staircase to the Lair.
 13504 | D:11     | Noticed a boulder beetle
 13516 | D:11     | HP: 3/60 [boulder beetle (16)]
 13520 | D:11     | Mangled by a boulder beetle

Illustrated notes

Levels and vault maps discovered:
D:1:      dpeg_arrival_pond, layout_basic, minmay_misc_feat_enclosed
D:2:      layout_basic, lemuel_round_altar
D:3:      layout_loops_ring, regret_index_temple_of_mockery, lemuel_round_altar,
          minitemple, minmay_misc_feat_encased, kennysheep_decorative_pillar,
          kennysheep_nub
D:4:      layout_loops_ring, grunt_temple_overflow_magic_moments,
          lemuel_coloured_pillars_altar, kennysheep_mini_moat,
          minmay_temple_entry_statues_fountains, minmay_shop_mayhem,
          uniq_duvessa
D:5:      lemuel_insect_pit, layout_basic
D:6:      layout_cave_pools, lemuel_round_altar, overflow_temple_1_default,
          cheibrodos_sewer_entry_sluice, serial_park,
          minmay_fractal_squares_diagonal_5
D:7:      layout_layer_cave, marbit_many_paths
D:8:      minmay_inner_zag, layout_gridville, nicolae_qazlal_general_emergency
D:9:      layout_basic, roderic_lattice_a, uniq_psyche, uniq_grum
D:10:     layout_long_grid, erik_orc_1
D:11:     layout_stronghold, lair_entry_dummy
Temple:   corrupted_temple

Skill      XL: |  1  2  3  4  5  6  7  8  9 10 11 |
---------------+----------------------------------+-----
Dodging        | 2 3 4 |  4.8
Conjurations   | 2 3 5 6 7 8 |  8.4
Fire Magic     | 4 5 7 8 |  8.8
Spellcasting   | 3 4 5 6 7 8 |  8.3
Armour         | 1 2 4 5 6 |  6.6
Bows           | 1 2 |  2.3
Fighting       | 1 2 3 |  3.7
Stealth        | 3 4 |  4.4
Short Blades   | 1 2 |  2.6
Throwing       | 1 |  1.4
Unarmed Combat | |  0.4

Action                   |  1- 3 |  4- 6 |  7- 9 | 10-12 || total
-------------------------+-------+-------+-------+-------++-------
Melee: Unarmed           |    13 |    31 |       |       ||    44
       Dagger            |       |       |    96 |    80 ||   176
 Fire: Shortbow          |       |    13 |     6 |       ||    19
Throw: Dart              |     5 |     6 |       |       ||    11
       Boomerang         |       |       |     1 |     3 ||     4
 Cast: Foxfire           |    76 |   109 |   252 |   286 ||   723
Invok: Draw Summoning    |       |       |     1 |     1 ||     2
       Draw Escape       |       |       |     1 |       ||     1
       Draw Destruction  |       |       |     2 |     8 ||    10
  Use: Scroll            |     3 |     2 |    11 |     5 ||    21
       Potion            |       |     2 |     1 |     1 ||     4
Armor: Robe              |    11 |       |       |       ||    11
       Ring mail         |     2 |    95 |    99 |   123 ||   319
Dodge: Dodged            |    31 |   136 |   144 |   163 ||   474
